[Event "Early-Titled-Tuesday-Blitz-October-24-2023"]
[Site "Chess.com"]
[Date "2023.10.24"]
[Round "3"]
[White "Slovak_fighter2000"]
[Black "FREDERICKtheMATE"]
[Result "1/2-1/2"]
[WhiteElo "2431"]
[BlackElo "2587"]
[TimeControl "180+1"]
[EndTime "8:26:41 PDT"]
[Termination "Game drawn by repetition"]

1. d4 Nf6 2. Nf3 e6 3. Bg5 d5 4. e3 Be7 5. c4 O-O 6. Nc3 Nbd7 7. Qc2 h6 8. Bh4 c6 9. cxd5 cxd5 10. Bd3 a6 11.
O-O b5 12. Rac1 Bb7 13. Ne5 Nxe5 14. dxe5 Nd7 15. Bg3 Rc8 16. Qd2 Nc5 17. Bb1 b4 18. Ne2 Ne4 19. Qd3 g6 20. Nd4 Qb6 21. f3 Nxg3 22.
hxg3 a5 23. Qd2 Ba6 24. Rxc8 Rxc8 25. Rc1 Rc4 26. b3 Rc5 27. Rxc5 Qxc5 28. Bd3 Bxd3 29. Qxd3 Qc1+ 30. Kh2 Qb2 31. Qc2 Qxc2 32. Nxc2 Bc5 33.
Nd4 Bxd4 34. exd4 g5 35. g4 Kg7 36. g3 Kg6 37. f4 h5 38. Kh3 Kh6 39. f5 exf5 40. gxf5 Kg7 41. g4 h4 42. Kg2 Kh6 43.
Kh3 Kg7 44. Kg2 f6 45. e6 Kf8 46. Kh3 Ke7 47. Kg2 Kd6 48. Kh3 Kc7 49. Kg2 Kc6 50.
Kh3 Kd6 51. Kg2 Ke7 52. Kh3 Kd8 53. Kg2 Ke8 54. Kh3 Kf8 55. Kg2 Ke7 56. Kh3 Kd8 57.
Kg2 Kc7 58. Kh3 Kc8 59. Kg2 Kc7 60. Kh2 Kc6 61. e7 Kd7 62. Kh3 Kxe7 63. Kg2 Kd6 64. Kh3 Kc6 65. Kg2 Kb5 66. Kh3 Kc6 67. Kg2 a4 68. Kh3 Kd6 69. Kg2 Ke7 70. Kh3 Ke8 71. Kg2 Kd7 72. Kh3 Kc6 73. Kg2 Kb5 74. Kh3 axb3 75.
axb3 Ka5 76. Kg2 Kb6 77. Kh3 Kb5 78. Kg2 Kc6 79. Kh3 Kc7 80. Kg2 Kb7 81. Kh3 Kb8 82.
Kg2 Kc8 83. Kh3 Kb7 84. Kg2 Ka7 85. Kh3 Kb6 86. Kg2 Kc6 87. Kh3 Kd7 88. Kg2 Kd6 89.
Kh3 Ke7 90. Kg2 Kf7 91. Kh3 Kg7 92. Kg2 Kh6 93. Kh3 Kh7 94. Kg2 Kh8 95. Kh3 Kg8 96.
Kg2 Kg7 97. Kh3 Kf8 98. Kg2 Kf7 99. Kh3 Kg7 100. Kg2 Kh6 101. Kh3 Kh7 102. Kg2 Kg7 103. Kh3 Kh8 104. Kg2 Kg8 105. Kh3 Kf7 106. Kg2 Ke7 107. Kh3 Kd6 108. Kg2 Kc6 1/2-1/2

[Event "Early-Titled-Tuesday-Blitz-October-24-2023"]
[Site "Chess.com"]
[Date "2023.10.24"]
[Round "3"]
[White "vladgoncharov"]
[Black "MarijaKuznecova"]
[Result "1-0"]
[WhiteElo "2586"]
[BlackElo "2411"]
[TimeControl "180+1"]
[EndTime "8:26:41 PDT"]
[Termination "vladgoncharov won by resignation"]

1. d4 Nf6 2. c4 c5 3. d5 b5 4. cxb5 a6 5. b6 e6 6. Nc3 Nxd5 7. Nxd5 exd5 8. Qxd5 Nc6 9. e4 Be7 10. Bc4 O-O 11.
Ne2 Rb8 12. O-O Rxb6 13. Be3 d6 14. b3 Bb7 15. Qd2 Ne5 16. f3 Kh8 17. Rac1 f5 18.
exf5 Rxf5 19. Ng3 Rf6 20. Bd5 Rg6 21. Bxb7 Rxb7 22. Bf4 Qf8 23. Bxe5 dxe5 24. Ne4 Rb8 25. Qe2 Rd8 26. Rcd1 Re8 27. Rd5 Qf7 28. Rfd1 Rf8 29.
R1d3 Qf4 30. g3 Qc1+ 31. Kg2 Qa1 32. Rd1 1-0

[Event "Early-Titled-Tuesday-Blitz-October-24-2023"]
[Site "Chess.com"]
[Date "2023.10.24"]
[Round "3"]
[White "oggy1984"]
[Black "Dacean99"]
[Result "0-1"]
[WhiteElo "2436"]
[BlackElo "2612"]
[TimeControl "180+1"]
[EndTime "8:26:42 PDT"]
[Termination "Dacean99 won on time"]

1. d4 d5 2. c4 dxc4 3. e4 e5 4. Nf3 exd4 5. Bxc4 Nf6 6. e5 Ne4 7. O-O Be7 8. Nxd4 O-O 9. Be3 Nc6 10. Nxc6 bxc6 11.
Qf3 Ng5 12. Qxc6 Bd7 13. Qd5 c6 14. Qd1 Rb8 15. b3 Qc7 16. f4 Ne4 17. Nd2 Nxd2 18.
Qxd2 Rbd8 19. Qf2 Bg4 20. h3 Bf5 21. Rac1 Bb4 22. g4 Be4 23. Rfd1 Ba3 24. Rxd8 Rxd8 25. Re1 Bb4 26. Rf1 Bd3 27. Rd1 Be4 28. Rxd8+ Qxd8 29. Be2 a5 30. Bc5 Bxc5 31. Qxc5 Qd2 32. Qd6 Qe1+ 33.
Bf1 Qg3+ 0-1

[Event "Early-Titled-Tuesday-Blitz-October-24-2023"]
[Site "Chess.com"]
[Date "2023.10.24"]
[Round "3"]
[White "rocket10jan"]
[Black "pankajfm"]
[Result "1-0"]
[WhiteElo "2386"]
[BlackElo "2171"]
[TimeControl "180+1"]
[EndTime "8:26:43 PDT"]
[Termination "rocket10jan won by checkmate"]

1. d4 Nf6 2. Nc3 d5 3. Bf4 g6 4. e3 Bg7 5. Be2 O-O 6. h4 h5 7. Nf3 c5 8. Ne5 Nc6 9. Qd2 cxd4 10.
exd4 Bf5 11. f3 Qb6 12. O-O-O Rfc8 13. g4 Be6 14. g5 Ne8 15. Na4 Qd8 16. Nc5 Nd6 17.
Nxe6 fxe6 18. Nxg6 Nc4 19. Bxc4 dxc4 20. c3 b5 21. Qe2 Qd5 22. Rhe1 Kf7 23. Ne5+ Nxe5 24. Bxe5 Bxe5 25. Qxe5 b4 26. g6+ Kg8 27. Qf4 Qf5 28.
Qh6 Qf6 29. Qh7+ Kf8 30. Rxe6 Qf4+ 31. Kb1 Ke8 32. Qxe7# 1-0

[Event "Early-Titled-Tuesday-Blitz-October-24-2023"]
[Site "Chess.com"]
[Date "2023.10.24"]
[Round "3"]
[White "Malev212"]
[Black "Ducke13"]
[Result "1-0"]
[WhiteElo "2642"]
[BlackElo "2465"]
[TimeControl "180+1"]
[EndTime "8:26:47 PDT"]
[Termination "Malev212 won by checkmate"]

1. d4 Nf6 2. c4 g6 3. Nc3 d5 4.
cxd5 Nxd5 5. e4 Nxc3 6. bxc3 Bg7 7. Bc4 c5 8. Ne2 O-O 9. O-O Nc6 10. Be3 Na5 11.
Bd3 b6 12. h4 e5 13. Bg5 Qc7 14. Rc1 Re8 15. h5 Bg4 16. h6 Bh8 17. f3 Bd7 18. f4 f6 19. Bh4 exf4 20. Nxf4 g5 21. Nd5 Qd6 22. Nxf6+ Bxf6 23. e5 Bxe5 24. dxe5 Qxe5 25.
Qh5 Bc6 26. Qf7+ Kh8 27. Qxh7# 1-0

[Event "Early-Titled-Tuesday-Blitz-October-24-2023"]
[Site "Chess.com"]
[Date "2023.10.24"]
[Round "3"]
[White "FoxOnTheRun97"]
[Black "IngOscarArdila"]
[Result "1-0"]
[WhiteElo "2547"]
[BlackElo "2311"]
[TimeControl "180+1"]
[EndTime "8:26:47 PDT"]
[Termination "FoxOnTheRun97 won on time"]

1. d4 Nf6 2. Bg5 e6 3. Nd2 h6 4. Bh4 b6 5. e3 Bb7 6. f4 Be7 7. Ngf3 d6 8. Bd3 Nbd7 9. O-O Ng4 10. Bxe7 Qxe7 11. Qe2 O-O 12. h3 Ngf6 13. e4 e5 14. c3 c5 15. fxe5 dxe5 16. d5 Ne8 17. g4 Nd6 18. a4 a5 19. Rf2 Rfe8 20. Nf1 f6 21. Nh4 Nf8 22. Nf5 Nxf5 23. gxf5 Red8 24. Rg2 Kh8 25. Ng3 Nd7 26. Nh5 Rg8 27. Kh2 c4 28. Bc2 Nc5 29. Rag1 Nd3 30. Rxg7 Rxg7 31. Rxg7 Qc5 32.
Bxd3 cxd3 33. Qd2 1-0

[Event "Early-Titled-Tuesday-Blitz-October-24-2023"]
[Site "Chess.com"]
[Date "2023.10.24"]
[Round "3"]
[White "Oleksandr_Bortnyk"]
[Black "Orujov2008"]
[Result "1-0"]
[WhiteElo "3041"]
[BlackElo "2750"]
[TimeControl "180+1"]
[EndTime "8:26:49 PDT"]
[Termination "Oleksandr_Bortnyk won on time"]

1. e4 e5 2. Bc4 Nf6 3. d3 Nc6 4.
Nc3 Bc5 5. Bg5 Be7 6. Nf3 d6 7. h3 Be6 8. O-O Qd7 9. Bxf6 gxf6 10. Bxe6 fxe6 11. d4 exd4 12. Nxd4 O-O-O 13. Nxc6 Qxc6 14. Qh5 Rdg8 15. h4 Rg7 16. g3 Rhg8 17. Kh2 a6 18.
Rad1 Qd7 19. Rd3 Kb8 20. a4 Qe8 21. Qxe8+ Rxe8 22. Ne2 c6 23. Nf4 Bf8 24. Nh5 Rf7 25. f4 d5 26. Re1 dxe4 27. Rxe4 Kc7 28. f5 e5 29. Kg2 Rd8 30. Rxd8 Kxd8 31. Kf3 Kc7 32.
Ke2 b5 33. c3 c5 34. axb5 axb5 35. c4 Kc6 36. b3 bxc4 37. Rxc4 Be7 38. Ra4 Kb7 39. Rg4 Bf8 40. Kd3 Kc6 41. Ra4 Rb7 42. Ra6+ Kc7 43. Kc3 Be7 44. Nxf6 1-0

[Event "Early-Titled-Tuesday-Blitz-October-24-2023"]
[Site "Chess.com"]
[Date "2023.10.24"]
[Round "3"]
[White "ExcitingTrap"]
[Black "sergeikim"]
[Result "0-1"]
[WhiteElo "2350"]
[BlackElo "2591"]
[TimeControl "180+1"]
[EndTime "8:26:49 PDT"]
[Termination "sergeikim won by resignation"]

1. e4 e5 2. Nf3 Nc6 3. Bb5 a6 4.
Ba4 Nf6 5. O-O b5 6. Bb3 Bc5 7. d3 d6 8. c3 h6 9. a4 Rb8 10. axb5 axb5 11. d4 Bb6 12. Na3 O-O 13. Nxb5 exd4 14. cxd4 Re8 15. d5 Na5 16. Ba4 Rxe4 17.
Nc3 Re7 18. Qd3 Nb7 19. b4 Bg4 20. Bc2 Qd7 21. Bb2 Bxf3 22. Qxf3 Qg4 23. Qd3 Qxb4 24.
Na4 Nc5 25. Nxc5 Qxb2 26. Na4 Qd4 27. Nxb6 Qxd3 28. Bxd3 cxb6 29. Rfd1 b5 30. Bc2 b4 31.
Bb3 Rc7 32. Ra6 Rc3 33. Rb1 Ne4 34. Ba4 Nc5 35. Ra7 Ra3 0-1

[Event "Early-Titled-Tuesday-Blitz-October-24-2023"]
[Site "Chess.com"]
[Date "2023.10.24"]
[Round "3"]
[White "NowInChess"]
[Black "Savagelittlemole"]
[Result "0-1"]
[WhiteElo "2241"]
[BlackElo "2512"]
[TimeControl "180+1"]
[EndTime "8:26:49 PDT"]
[Termination "Savagelittlemole won on time"]

1. e4 c5 2. d3 d6 3. g3 g6 4. Bg2 Bg7 5. f4 Nc6 6. Nf3 e6 7. O-O Nge7 8. c3 O-O 9. Be3 Qc7 10. d4 cxd4 11. cxd4 d5 12. e5 Nf5 13. Bf2 h5 14. Nc3 a6 15. h3 b5 16. Rc1 Bd7 17. g4 hxg4 18. hxg4 Nh6 19. Bh3 Qd8 20. Qd2 b4 21. Na4 Nxd4 22. Nxd4 Bxa4 23. Qxb4 Bb5 24. Nxb5 axb5 25.
Qxb5 Rxa2 26. Bc5 Qh4 27. Qb3 Rfa8 28. Ba3 Nxg4 29. Rf3 R8xa3 30. bxa3 Rh2 31. a4 Bh6 32. a5 Bxf4 33. a6 Bxc1 34. a7 Be3+ 35. Kf1 Bxa7 0-1

[Event "Early-Titled-Tuesday-Blitz-October-24-2023"]
[Site "Chess.com"]
[Date "2023.10.24"]
[Round "3"]
[White "cthulhuuu"]
[Black "balachess2006"]
[Result "1-0"]
[WhiteElo "2406"]
[BlackElo "2558"]
[TimeControl "180+1"]
[EndTime "8:26:51 PDT"]
[Termination "cthulhuuu won by checkmate"]

1. e4 c5 2. Nf3 Nc6 3. g3 g6 4. Bg2 Bg7 5. O-O e5 6. d3 Nge7 7. Nc3 O-O 8. Nd2 d6 9. Nc4 Nd4 10. a4 Be6 11. Nd5 Nxd5 12. exd5 Bd7 13. c3 Nf5 14. f4 b5 15. axb5 Bxb5 16. Be4 Ne7 17.
f5 gxf5 18. Bxf5 Nxf5 19. Rxf5 Bd7 20. Nxd6 Qe7 21. Ra6 c4 22. dxc4 Bxf5 23. Nxf5 Qc5+ 24. Be3 Qxc4 25. Rc6 Qe4 26. Qh5 Kh8 27. Bh6 Bxh6 28. Rxh6 Qe1+ 29. Kg2 Qd2+ 30. Kh3 Qxh6 31. Qxh6 Rg8 32.
Qf6+ Rg7 33. Qxg7# 1-0

[Event "Early-Titled-Tuesday-Blitz-October-24-2023"]
[Site "Chess.com"]
[Date "2023.10.24"]
[Round "3"]
[White "RandomNoob04"]
[Black "AlmasRakhmatullaev"]
[Result "0-1"]
[WhiteElo "2624"]
[BlackElo "2827"]
[TimeControl "180+1"]
[EndTime "8:26:52 PDT"]
[Termination "AlmasRakhmatullaev won by checkmate"]

1. e4 c5 2. d4 cxd4 3. c3 d3 4. Bxd3 g6 5. Nf3 Bg7 6. O-O d6 7. h3 Nc6 8. c4 Nf6 9. Nc3 O-O 10.
Be3 Be6 11. Qd2 Rc8 12. Nd5 Re8 13. Bh6 Bh8 14. Bg5 Nd7 15. Rfe1 Nce5 16. Nxe5 Nxe5 17.
Rac1 Nxd3 18. Qxd3 Qd7 19. b3 b6 20. f4 f6 21. Bh4 Bf7 22. f5 Rcd8 23. Bf2 e6 24. fxe6 Rxe6 25. Bg3 Rde8 26. Nf4 Re5 27. Rcd1 f5 28. Qxd6 Qxd6 29. Rxd6 Rxe4 30. Rxe4 Rxe4 31.
Rd8+ Re8 32. Rxe8+ Bxe8 33. Nd5 b5 34. c5 Kf7 35.
Bd6 Bc6 36. Nb4 Be4 37. c6 Ke6 38. Bc5 a5 39. Na6 Bxc6 40. Bb6 Bc3 41. Nc5+ Kd5 42. Nd3 Bd4+ 43. Bxd4 Kxd4 44. Nf4 Be4 45. Ne6+ Kc3 46.
Nf8 Kb2 47. a4 b4 48. Nxh7 Kxb3 49. h4 Kxa4 50. Nf8 b3 51. Nxg6 b2 52. h5 b1=Q+ 53.
Kh2 Qf1 54. Nh4 Qf4+ 55. g3 Qf2+ 56. Kh3 Bd3 57. Ng6 Qf3 58. Ne5 Qh1# 0-1

[Event "Early-Titled-Tuesday-Blitz-October-24-2023"]
[Site "Chess.com"]
[Date "2023.10.24"]
[Round "3"]
[White "Felix-Rose"]
[Black "DonJuanEGenaro"]
[Result "1-0"]
[WhiteElo "2295"]
[BlackElo "1784"]
[TimeControl "180+1"]
[EndTime "8:26:52 PDT"]
[Termination "Felix-Rose won by checkmate"]

1. e4 c5 2. Nf3 Nc6 3. d4 cxd4 4. Nxd4 Nf6 5. Nc3 d6 6. Bg5 Qb6 7. Bb5 Bd7 8. Bxf6 gxf6 9. Nb3 e6 10. Qh5 a6 11.
Be2 Ne5 12. O-O Ng6 13. Kh1 Nf4 14. Qh4 Nxe2 15. Nxe2 Be7 16. Qh5 Bb5 17. f4 Rc8 18. Rfc1 Qe3 19. Ned4 Qxe4 20. Re1 Qg6 21. Qf3 Bc6 22.
Nxc6 Rxc6 23. Nd4 Rc4 24. f5 Qg5 25. Qxb7 Rg8 26. fxe6 Rxd4 27. Qc8+ Bd8 28. Qd7+ Kf8 29. Qxf7# 1-0

[Event "Early-Titled-Tuesday-Blitz-October-24-2023"]
[Site "Chess.com"]
[Date "2023.10.24"]
[Round "3"]
[White "Haykoooo0o"]
[Black "Hasangatin_Ramil"]
[Result "0-1"]
[WhiteElo "2477"]
[BlackElo "2721"]
[TimeControl "180+1"]
[EndTime "8:26:54 PDT"]
[Termination "Hasangatin_Ramil won on time"]

1. Nf3 d5 2. e3 c6 3. c4 Nf6 4. b3 Bf5 5. Bb2 e6 6. Be2 Nbd7 7. O-O h6 8. d3 Bd6 9. Nbd2 Qe7 10. a3 a5 11. Re1 O-O 12. Bf1 Bh7 13. e4 dxe4 14.
Nxe4 Nxe4 15. dxe4 e5 16. Qc2 Rfd8 17. g3 Bg6 18.
Bh3 Bh5 19. Nh4 Bc5 20. Nf5 Qf8 21. Bg2 Re8 22. h3 Rad8 23. Qc3 b6 24. Bf3 Bd4 25. Bxh5 Bxc3 26. Bxc3 g6 27. Bg4 gxf5 28. Bxf5 Nc5 29. b4 axb4 30. axb4 Nb3 31. Ra7 Nd4 32. Re3 Nxf5 33.
exf5 Re7 34. Ra6 f6 35. Rxb6 Rc7 36. c5 Qe8 37. g4 Rcd7 0-1

[Event "Early-Titled-Tuesday-Blitz-October-24-2023"]
[Site "Chess.com"]
[Date "2023.10.24"]
[Round "3"]
[White "Thunderbolt135"]
[Black "dropstoneDP"]
[Result "0-1"]
[WhiteElo "2753"]
[BlackElo "3087"]
[TimeControl "180+1"]
[EndTime "8:26:55 PDT"]
[Termination "dropstoneDP won by resignation"]

1. b3 d5 2. Bb2 Bf5 3. e3 e6 4. d3 Nf6 5. Nd2 h6 6. Be2 a5 7. a3 Nbd7 8. Ngf3 Be7 9. h3 Bh7 10. O-O O-O 11. Re1 c6 12. Bf1 Nc5 13.
d4 Nce4 14. Nxe4 Nxe4 15. Bd3 Bd6 16. c4 Rb8 17. Qc2 b5 18. Ne5 bxc4 19. bxc4 Bxe5 20.
dxe5 dxc4 21. Bxe4 Bxe4 22. Qxe4 Rxb2 23. Qxc4 Qd2 24. Rf1 Rc2 25. Qe4 Rd8 26. Qf3 Qc3 27. Rfd1 Rxd1+ 28. Rxd1 Rc1 29. Rxc1 Qxc1+ 30. Kh2 Qc5 31. Qe4 Qxa3 32. Qxc6 g6 33. Qe8+ Kg7 34. Qd8 a4 35. Qf6+ Kg8 36. Qd8+ Qf8 37. Qa5 Qe8 38.
Qa7 Qc6 39. Qe7 Qa8 40. Qa3 Qa5 41. f4 Qa7 42. Kg3 Kg7 43. Kf3 Qb7+ 44. Kf2 Qb3 45. Qe7 Qc2+ 46. Kg3 Qd2 47. Kf3 Qd5+ 48. Kg3 Qd3 49. Kf3 a3 50. Qa7 Qd5+ 51. Kg3 a2 52. Kh2 Qd2 53. h4 h5 54. Qe7 a1=Q 0-1

[Event "Early-Titled-Tuesday-Blitz-October-24-2023"]
[Site "Chess.com"]
[Date "2023.10.24"]
[Round "3"]
[White "wannabe2700"]
[Black "Cambek64"]
[Result "1-0"]
[WhiteElo "2621"]
[BlackElo "2445"]
[TimeControl "180+1"]
[EndTime "8:26:56 PDT"]
[Termination "wannabe2700 won by resignation"]

1. e4 e6 2. d4 d5 3. e5 c5 4. c3 Nc6 5. Nf3 Bd7 6. Be2 Nge7 7. O-O cxd4 8. cxd4 Nf5 9. Nc3 Be7 10.
Bd3 Nfxd4 11. Nxd4 Nxd4 12. Qg4 Nc6 13. Qxg7 Rf8 14. Bh6 a6 15. Rae1 Qc7 16. Qxh7 Nxe5 17. Bxf8 Bxf8 18. Nxd5 exd5 19. f4 O-O-O 20. fxe5 Be6 21.
Rc1 Bc5+ 22. Kh1 a5 23. a3 a4 24. Bf5 b6 25. Bxe6+ fxe6 26. Rf7 Rd7 27. Rxd7 Qxd7 28. Qxd7+ Kxd7 29. g4 Be3 30. Re1 d4 31. Kg2 Bh6 32. Kf3 d3 33. Ke4 d2 34. Rd1 Kc6 35. h4 Kc5 36. g5 Bg7 37. Rxd2 Kc4 38. h5 b5 39. h6 Bf8 40. Rd8 Be7 41. Rc8+ Kb3 42. h7 Bxg5 43. h8=Q Ka2 44. Qh2 Be7 45. Qc2 b4 46. axb4 Bxb4 47.
Rc4 a3 48. Rxb4 Ka1 49. b3 1-0

[Event "Early-Titled-Tuesday-Blitz-October-24-2023"]
[Site "Chess.com"]
[Date "2023.10.24"]
[Round "3"]
[White "SlavenPastar"]
[Black "rezamahdavi2008"]
[Result "0-1"]
[WhiteElo "2604"]
[BlackElo "2883"]
[TimeControl "180+1"]
[EndTime "8:26:59 PDT"]
[Termination "rezamahdavi2008 won by checkmate"]

1. b3 Nf6 2. Bb2 e6 3. Nf3 d5 4.
g3 c5 5. Bg2 Nc6 6. d4 cxd4 7.
Nxd4 h5 8. Nxc6 bxc6 9. h3 a5 10.
a4 Ba6 11. O-O h4 12. g4 Bd6 13. Re1 Bc7 14. Nd2 e5 15. Nf3 e4 16. Nd4 Qd6 17.
Qd2 Nxg4 18. Qg5 Nh6 19. c4 Qh2+ 20. Kf1 Bf4 21. Qxh4 g5 22. Qh5 O-O-O 23. Nxc6 e3 24. Bxh8 exf2 25. Kxf2 Be3+ 26. Kxe3 Qf4+ 27. Kd3 dxc4+ 28.
Kc2 Qd2+ 29. Kb1 Qxe1+ 30. Ka2 Qd2+ 31. Ka3 Qd6+ 32. Kb2 Qxc6 33. Rc1 Rd2+ 34. Kc3 Qd6 35. bxc4 Qb4# 0-1

[Event "Early-Titled-Tuesday-Blitz-October-24-2023"]
[Site "Chess.com"]
[Date "2023.10.24"]
[Round "3"]
[White "Skatchkov_V"]
[Black "suspiciumchess"]
[Result "1-0"]
[WhiteElo "2550"]
[BlackElo "2306"]
[TimeControl "180+1"]
[EndTime "8:27:01 PDT"]
[Termination "Skatchkov_V won by resignation"]

1. d4 d5 2. c4 c6 3. cxd5 cxd5 4.
Bg5 h6 5. Bh4 Bf5 6. Nc3 Nc6 7.
Nf3 g5 8. Bg3 Bg7 9. e3 Nf6 10.
Bd3 Ne4 11. Qb3 Nxg3 12. Qxb7 Qc8 13. Qxc8+ Rxc8 14. Bxf5 Nxf5 15. Nxd5 e6 16. Nc3 O-O 17. O-O g4 18. Nd2 Rfd8 19. Rab1 Nfe7 20. Rfc1 e5 21. d5 Nxd5 22. Nxd5 Rxd5 23. Ne4 Ne7 24.
h3 gxh3 25. g4 h5 26. gxh5 f5 27. Ng5 Rxc1+ 28. Rxc1 e4 29. Nxh3 Rd7 30. b3 Kf7 31. Rc5 Bh6 32. Kg2 Ke6 33. Ra5 Nd5 34. Ra6+ Ke5 35.
Rxh6 Rg7+ 36. Kh2 Nc3 37. Nf4 1-0

[Event "Early-Titled-Tuesday-Blitz-October-24-2023"]
[Site "Chess.com"]
[Date "2023.10.24"]
[Round "3"]
[White "esrosenberg"]
[Black "DumbKing75"]
[Result "1-0"]
[WhiteElo "2461"]
[BlackElo "2604"]
[TimeControl "180+1"]
[EndTime "8:27:03 PDT"]
[Termination "esrosenberg won on time"]

1. d4 Nf6 2. Nf3 d5 3. g3 c5 4. Bg2 cxd4 5. O-O Nc6 6. Nxd4 e6 7. c4 Qb6 8. Nb5 dxc4 9. Nd6+ Bxd6 10. Qxd6 Nd4 11.
Qxb6 axb6 12. Nc3 O-O 13. Bg5 h6 14. Bxf6 gxf6 15. e3 Nc6 16. Ne4 Kg7 17. Nd6 Na5 18. Rfc1 e5 19. Nxc4 Nxc4 20. Rxc4 Be6 21. Rb4 Rfd8 22.
Bxb7 Rxa2 23. Rxa2 Bxa2 24. Rxb6 Rb8 25. Ra6 Bc4 26. Ra7 f5 27. h4 e4 28. Kg2 Kf6 29.
b4 1-0

[Event "Early-Titled-Tuesday-Blitz-October-24-2023"]
[Site "Chess.com"]
[Date "2023.10.24"]
[Round "3"]
[White "zverr1"]
[Black "EdmundPlayer"]
[Result "1-0"]
[WhiteElo "2507"]
[BlackElo "2236"]
[TimeControl "180+1"]
[EndTime "8:27:05 PDT"]
[Termination "zverr1 won on time"]

1. e4 c6 2. d4 d5 3. exd5 cxd5 4. Bd3 Nc6 5. c3 Nf6 6. h3 g6 7. Nf3 Bg7 8. O-O O-O 9. Re1 a6 10. a4 b6 11. Bf4 Bb7 12. Qe2 Re8 13. Nbd2 Qc8 14.
Ne5 Nd7 15. Ndf3 Ndxe5 16. Nxe5 Nxe5 17. Bxe5 f6 18. Bg3 e6 19. h4 Qd7 20. h5 Qf7 21. Qc2 f5 22. hxg6 hxg6 23. Be5 Bxe5 24. Rxe5 Re7 25.
Rae1 Kg7 26. Qe2 Kf6 27. Qe3 Rh8 28. Qe2 Qh7 29. Rxe6+ Rxe6 30. Qxe6+ Kg5 31. f4+ 1-0

[Event "Early-Titled-Tuesday-Blitz-October-24-2023"]
[Site "Chess.com"]
[Date "2023.10.24"]
[Round "3"]
[White "CristianS27"]
[Black "knightinshiningarmour16"]
[Result "1-0"]
[WhiteElo "2523"]
[BlackElo "2146"]
[TimeControl "180+1"]
[EndTime "8:27:06 PDT"]
[Termination "CristianS27 won by resignation"]

1. e4 c6 2. d4 d5 3. exd5 cxd5 4. c4 Nf6 5. Nc3 Nc6 6. Bg5 Be6 7. Be2 g6 8. Bf3 Qa5 9. Bxf6 exf6 10. cxd5 Bb4 11. dxe6 Bxc3+ 12. bxc3 Qxc3+ 13. Kf1 Nxd4 14. exf7+ Kxf7 15. Ne2 Nxe2 16. Bxe2 Rhd8 17. Qb3+ Qxb3 18. axb3 a6 19.
Bc4+ Kg7 20. Re1 b5 21. Be6 Rd6 22. h4 f5 23. Rh3 Re8 24. Rhe3 Kf6 25. Bc4 Rxe3 26.
Rxe3 bxc4 27. bxc4 Rd4 28. Rc3 Rxh4 29. c5 Rb4 30. c6 Rb8 31. Ke2 Rc8 32. Ke3 a5 33. Kd4 Ke6 34. Kc5 a4 35. Kb6 Kd6 36. Rd3+ Ke5 37. Kb7 Re8 38. Re3+ Kd6 39. Rxe8 a3 40. c7 a2 41. Ra8 a1=Q 42. Rxa1 1-0

[Event "Early-Titled-Tuesday-Blitz-October-24-2023"]
[Site "Chess.com"]
[Date "2023.10.24"]
[Round "3"]
[White "guillembaches"]
[Black "RETURNOFTHELAGGER"]
[Result "1/2-1/2"]
[WhiteElo "2482"]
[BlackElo "2662"]
[TimeControl "180+1"]
[EndTime "8:27:07 PDT"]
[Termination "Game drawn by repetition"]

1. d4 Nf6 2. Nf3 d5 3. Bg5 Ne4 4. Bf4 Bf5 5. e3 e6 6. Nbd2 Bd6 7. Bd3 Bxf4 8. exf4 Nxd2 9. Qxd2 Bxd3 10. Qxd3 Qd7 11. Ne5 Qe7 12. O-O Nd7 13. f5 Nxe5 14. dxe5 O-O-O 15. Rae1 Kb8 16. f4 g6 17. f6 Qc5+ 18. Kh1 h5 19. c3 h4 20. h3 Qa5 21. a3 c5 22. Rd1 c4 23. Qe3 Rh5 24. Rb1 Rf5 25. b3 cxb3 26. Rxb3 g5 27. Rfb1 b6 28. fxg5 Rg8 29. Rb5 Qa6 30. Rxb6+ axb6 31. Rxb6+ Qb7 32. Rxb7+ Kxb7 33. Qc5 Rgxg5 34. Qe7+ Kc6 35. Qxf7 Rf1+ 36. Kh2 Rxe5 37. Qe8+ Kc7 38. Qe7+ Kc6 39. f7 Ref5 40. Qxe6+ Kc5 41. Qe7+ Kc6 42. Qe6+ Kc5 43. Qe7+ Kc6 44. Qe6+ 1/2-1/2

[Event "Early-Titled-Tuesday-Blitz-October-24-2023"]
[Site "Chess.com"]
[Date "2023.10.24"]
[Round "3"]
[White "Wizard_97"]
[Black "Witik"]
[Result "1-0"]
[WhiteElo "2618"]
[BlackElo "2801"]
[TimeControl "180+1"]
[EndTime "8:27:10 PDT"]
[Termination "Wizard_97 won by resignation"]

1. e4 c5 2. Nf3 d6 3. d4 cxd4 4. Nxd4 Nf6 5. Nc3 a6 6. Be3 e5 7. Nb3 Be6 8. f3 Be7 9. Qd2 h5 10. Nd5 Nxd5 11. exd5 Bf5 12. Be2 Nd7 13. c4 a5 14. a4 b6 15. O-O Nc5 16. Nc1 g5 17.
b4 axb4 18. Qxb4 O-O 19. Nb3 Bd7 20. Nxc5 bxc5 21. Qb3 Qc7 22. Qc2 f5 23. Bd2 Bf6 24. Ra2 Rae8 25. a5 e4 26. fxe4 Bd4+ 27. Kh1 fxe4 28.
a6 Rxf1+ 29. Bxf1 Bc8 30. a7 Qf7 31. Be2 Qf2 32. Qd1 Bb7 33. Bxg5 Ba8 34. Ra6 e3 35.
Rxd6 Rf8 36. Rg6+ Kh7 37. Rh6+ Kg7 38. Rb6 h4 39. Bh6+ Kg8 40. Bxf8 h3 41. Rg6+ Kxf8 42. Rg3 Ke7 43. Qf1 Bb7 44. Qxf2 exf2 45. Rxh3 Kd6 46. Rh7 Ba8 47. h4 1-0

[Event "Early-Titled-Tuesday-Blitz-October-24-2023"]
[Site "Chess.com"]
[Date "2023.10.24"]
[Round "3"]
[White "Sanyura"]
[Black "Lion_DL"]
[Result "1-0"]
[WhiteElo "2596"]
[BlackElo "2423"]
[TimeControl "180+1"]
[EndTime "8:27:10 PDT"]
[Termination "Sanyura won by resignation"]

1. Nf3 Nf6 2. c4 e6 3. g3 d5 4.
Bg2 Be7 5. O-O O-O 6. d4 c6 7. Nc3 a5 8. Qd3 Na6 9. e4 Nb4 10. Qe2 dxc4 11. Qxc4 b5 12. Qe2 Bb7 13. Rd1 Qb6 14.
Be3 Rfd8 15. Rac1 Ng4 16. a3 Nxe3 17. Qxe3 Na6 18. Qf4 Rac8 19. h4 c5 20. d5 exd5 21.
Nxd5 Bxd5 22. Rxd5 c4 23. Ne5 f6 24. Nd7 Qe6 25.
Rcd1 Nc7 26. e5 fxe5 27. Rxe5 Qf7 28. Qg4 Ne8 29. Bd5 Qxd5 30. Rexd5 Nf6 31. Qe6+ Kh8 32. Nxf6 Bxf6 33. Rxd8+ 1-0

[Event "Early-Titled-Tuesday-Blitz-October-24-2023"]
[Site "Chess.com"]
[Date "2023.10.24"]
[Round "3"]
[White "Hovik_Hayrapetyan"]
[Black "alfianasybullina"]
[Result "1-0"]
[WhiteElo "2800"]
[BlackElo "2288"]
[TimeControl "180+1"]
[EndTime "8:27:11 PDT"]
[Termination "Hovik_Hayrapetyan won by checkmate"]

1. d4 Nf6 2. c4 c5 3. d5 e6 4.
Nc3 exd5 5. cxd5 d6 6. e4 g6 7. f4 Bg7 8. Bb5+ Nfd7 9. Be2 a6 10. a4 O-O 11. Nf3 f5 12. exf5 gxf5 13. O-O Nf6 14. Bc4 Ne4 15. Nxe4 fxe4 16. Ng5 Bd4+ 17. Kh1 Bf5 18. g4 Bc8 19. f5 e3 20. Ra3 Qxg5 21. Qf3 Nd7 22. Bxe3 Bxe3 23. Rxe3 Ne5 24. Rxe5 dxe5 25.
d6+ Kh8 26. Qg3 Qg7 27. Bd3 Bd7 28. Be4 Rae8 29. g5 Bc6 30. Bxc6 bxc6 31. f6 Qd7 32. Qh4 Qxd6 33. g6 Qd5+ 34. Kg1 Qd4+ 35. Qxd4 cxd4 36. g7+ Kg8 37. gxf8=Q+ Kxf8 38. Kf2 Kf7 39. Ke2 Re6 40. Rf5 Kg6 41. f7 Kxf5 42. f8=Q+ Ke4 43. Qf3# 1-0

[Event "Early-Titled-Tuesday-Blitz-October-24-2023"]
[Site "Chess.com"]
[Date "2023.10.24"]
[Round "3"]
[White "eljanov"]
[Black "Aswathchess"]
[Result "0-1"]
[WhiteElo "2813"]
[BlackElo "2649"]
[TimeControl "180+1"]
[EndTime "8:27:12 PDT"]
[Termination "Aswathchess won on time"]

1. d4 Nf6 2. Bf4 e6 3. e3 d5 4.
Nf3 Bd6 5. Ne5 c5 6. Bb5+ Kf8 7. O-O a6 8. Be2 Nc6 9. c3 h6 10. Nd2 Qc7 11. Ndf3 Nh5 12. Nxc6 Nxf4 13. exf4 bxc6 14. g3 Rb8 15. Qd2 g6 16. c4 Qb6 17. cxd5 cxd5 18. dxc5 Bxc5 19. Rac1 Kg8 20. Ne5 Kg7 21. Nxg6 fxg6 22. Bd3 Be7 23. Bb1 Bf6 24. Qd3 Kf7 25. Qxg6+ Ke7 26. Rfe1 Bd7 27. Rcd1 Rbg8 28. Qh5 Bd4 29.
Re2 Bb5 30. Red2 Bf6 31. Re1 Kd7 0-1